[Event "Metz op 31th"]
[Site "Metz"]
[Date "2013.04.21"]
[Round "3"]
[White "Gharamian, Tigran"]
[Black "Riff, Jean Noel"]
[Result "1/2-1/2"]
[ECO "A04"]
[WhiteElo "2663"]
[BlackElo "2467"]
[Annotator "Metz Alekhine/Primel,D"]
[PlyCount "42"]
[EventDate "2013.04.20"]
[EventType "swiss"]
[EventRounds "9"]
[EventCountry "FRA"]
[SourceTitle "EXT 2016"]
[Source "ChessBase"]
[SourceDate "2015.10.08"]
[SourceVersion "1"]
[SourceVersionDate "2015.10.08"]
[SourceQuality "1"]
[TimeControl "40/5400:1800+30"]
[WhiteClock "1:30:00"]
[BlackClock "1:30:00"]

1. Nf3 c5 2. g3 Nc6 3. Bg2 e5 4. O-O g6 5. d3 Bg7 6. c3 Nge7 7. a3 a5 8. a4 {[%csl Rb5] 82} O-O 9. e4 {Ttransposant sur une attaque
sicilienne} d6 10. Na3 {60 Visiblement, les Blancs n'avaient pas préparé
cette ouverture car ils dépensent beaucoup de temps} h6 11. Nd2 Be6 $11 12.
Ndc4 {51} Kh7 (12... d5 13. exd5 Bxd5 14. f4 (14. Bxd5 Nxd5 15. Nb5 Qd7 16. Qf3
f5 $132) 14... Bxg2 15. Kxg2 Qd5+ 16. Qf3 Rad8 17. fxe5 Qxd3 18. Be3 Nf5 19.
Bxc5 Qxf3+ 20. Kxf3 Rfe8 21. Rad1 Nxe5+ 22. Nxe5 Bxe5 23. Bb6 Rd6 24. Rxd6 Nxd6
25. Bxa5 Ra8 26. Bb4 Rxa4 27. Re1 f6 28. Rxe5 Rxb4 29. Re6 Rb6 30. Rxf6 Kg7 31.
Re6 Kf7 32. Re2 Rc6 33. Ke3 Kf6 34. Kd3 h5 35. Nc2 Nf5 36. Ne3 Rd6+ 37. Kc2
Nxe3+ 38. Rxe3 Kf5 39. h3 g5 40. c4 h4 41. gxh4 gxh4 42. Rf3+ {Gharamian,T 
(2655)-Svane,R (2501) Metz 2014 1-0}) 13. Re1 (13. f4 d5 (13... b6 14. f5 $1 ) 14. Ne3 dxe4 15. dxe4 Qxd1 16. Rxd1) (13. Be3 $142 b6 14. f4 d5
15. exd5 (15. f5) 15... Bxd5 16. f5 Nxf5 17. Bxd5 Qxd5) 13... b6 14. Qb3 $146 (
14. Nb5 Nc8 15. Qe2 N6a7 16. Nba3 Rb8 17. f4 Qd7 18. Qc2 Nc6 19. Be3 d5 20.
exd5 Bxd5 21. fxe5 Bxg2 22. Qxg2 Rb7 23. d4 cxd4 24. cxd4 Nb4 25. Rad1 Nd5 26.
Bf2 Nce7 27. Nb5 Qe6 28. Ncd6 Rd7 29. Ne4 Nb4 30. Nbc3 Rfd8 31. Nd6 Ned5 32.
Nxd5 Nxd5 33. Qe4 Bf8 34. Nb5 Be7 35. Nc3 Bb4 36. Nxd5 Rxd5 37. Re2 Bc5 38.
Red2 Bb4 39. Rd3 Qd7 40. Be3 Qe6 41. Qh4 Bf8 42. Rf1 Bg7 43. Rc3 R8d7 {Fluvia
Poyatos,J (2273)-Sanchez Lopez,J (2103) Oropesa del Mar 2001 1-0 (69)}) 14...
Rb8 15. f4 {32 Bizarre après avoir joué Re1} d5 16. exd5 Bxd5 $132 17. Qd1 {La partie commence à mal tourner pour les Blancs} Bxg2 18.
Kxg2 Qd5+ 19. Qf3 Qxf3+ 20. Kxf3 Rfd8 21. fxe5 Rxd3+ 1/2-1/2

[Event "Sautron op 15th"]
[Site "Sautron"]
[Date "2015.10.27"]
[Round "5.3"]
[White "Ider, Borya"]
[Black "Koziak, Vitali"]
[Result "1/2-1/2"]
[ECO "A04"]
[WhiteElo "2464"]
[BlackElo "2472"]
[Annotator "RR"]
[PlyCount "98"]
[EventDate "2015.10.24"]
[EventType "swiss"]
[EventRounds "9"]
[EventCountry "FRA"]
[SourceTitle "CBM 169 Extra"]
[Source "ChessBase"]
[SourceDate "2015.12.18"]
[SourceVersion "1"]
[SourceVersionDate "2015.12.18"]
[SourceQuality "1"]
[TimeControl "40/5400+30:1800+30"]
[WhiteClock "0:55:09"]
[BlackClock "0:09:19"]

1. Nf3 c5 2. b3 d6 3. d4 cxd4 4. Nxd4 Nf6 (4... e5 5. Nf3) 5. g3 (5. e3 g6 6. Bb2
Bg7 7. Be2 Nc6 8. c4 Nxd4 9. Qxd4 Bd7 10. O-O O-O 11. Rd1 Bc6 12. Qd2 d5 13.
cxd5 Qxd5 14. Qxd5 Nxd5 15. Bxg7 Kxg7 16. Bf3 Rfd8 17. Bxd5 Rxd5 18. Rxd5 Bxd5
19. Nc3 Bc6 20. f3 Rd8 21. Rd1 Rxd1+ 22. Nxd1 Kf6 {1/2-1/2 (22) Medvegy,Z 
(2560)-Mihok,O (2451) Budapest 2013}) 5... d5 6. Bg2 e5 $1 {[%emt 0:00:27][%csl Gd5,Ge5] Les Noirs répondent de manière
classique au début un peu douteux des Blancs en prenant le centre} 7. Nf3 Bb4+ $1 $146 {[%emt 0:00:33] Gagne un tempo car il est
difficile de justifer le coup b3 après l'échange des B de cases Noires} (7...
Nc6 8. O-O Bf5 9. Nh4 Be6 10. Bg5 Be7 11. Nf3 h6 12. Bd2 O-O 13. Be1 Rc8 14. c3
Nh7 15. Kh1 f5 16. Ng1 e4 17. e3 Ne5 18. Ne2 g5 19. Nd4 Bd7 20. Nd2 g4 21. Rc1
Ng5 22. c4 Qe8 23. Ne2 Nd3 24. Rc2 Nf3 25. Bxf3 gxf3 26. Nf4 Nxf4 27. exf4 d4
28. Nxf3 Qh5 29. Rd2 Qxf3+ 30. Qxf3 exf3 31. Rxd4 Bc6 32. Bd2 Bc5 33. Rd3 Rcd8
34. Rxd8 Rxd8 35. Bc3 Bxf2 36. Be1 Bxe1 {0-1 (36) Hueltner,E-Ewald,A Germany
1998}) 8. Bd2 Bxd2+ 9. Qxd2 Nc6 $11 10. O-O O-O (10... h6 $5 11. Rd1 Be6) 11. Rd1 Qe7 12. c3 {[%emt 0:05:05][%csl Rb1] Le début des Blancs commence à mal tourner}
Bg4 (12... Rd8) 13. h3 Bf5 14. Qe3 h6 (14... Rfe8 15. Nbd2
Rad8 {Et les Noirs ont un jeu facile}) 15. Nbd2 Qe6 {[%emt 0:
33:05] Les Noirs ont dépensé plus d'une 1/2 heure sur cette position} (15...
Rad8) 16. g4 Bc2 $1 17. Rdc1 Bh7 18. Nf1 Ne4 19. N1d2 Rad8 20. Nxe4 Bxe4 21. c4 $1 Rd7 22. cxd5 Bxd5 23. Rc5 b6 (23... Rfd8) 24. Rc3 Re8 25. Rd1 Bxf3 $1 26. Rxd7 Bxg2 27. Rd1 Bd5 {[%emt 0:00:37][%csl Gd5,
Rh3] Le roque Blanc est un peu affaibli et les Noirs ont l'initiative} 28. Qd3 Nd4 $1 $40 29. f4 (29. e3 $2
Nf3+ 30. Kf1 Nh2+ 31. Ke2 Bf3+ 32. Kd2 e4 $19) 29... Bb7 30. Rc7 Qd5 31. e4 $1 Qxe4 32. Qxe4 Bxe4 33.
fxe5 Nc6 34. Rdd7 $13 Nxe5 35. Re7 Rxe7 36. Rxe7 f6 37. Rxa7 Kh7 38. a4 Bd5 39. b4 Nc6 40. Rb7 Bb3 41. a5 (41. Rxb6 Bxa4 42. Kf2) 41... bxa5 42. bxa5 Bc4 (42... Nxa5 43. Rb5 ) 43. a6 h5 44. Rb6 Na7 45. gxh5 Kh6 46. Kh2 (46. Kf2) 46... Kxh5 47. Rb7 Nc6 48. a7 Nxa7 49. Rxa7 g5 1/2-1/2